 Dungeon Crawl Stone Soup version 0.31-b1-12-gca42e3d1b8 (webtiles) character file.

Game seed: 11060186943562105813

81 Strat the Poker (level 4, -5/44 HPs)
             Began as an Oni Warper on Jan 14, 2024.
             Slain by a cerulean imp
             ... wielding a +2 spear
             ... summoned by Natasha
              (6 damage)
             ... on level 2 of the Dungeon.
             The game lasted 00:02:29 (1580 turns).

Strat the Poker (Oni Warper)                        Turns: 1580, Time: 00:02:29

Health: -5/44      AC:  3    Str: 15    XL:     4   Next: 42%
Magic:  7/7        EV:  9    Int: 16    God:
Gold:   76         SH:  0    Dex:  8    Spells: 5/7 levels left

rFire   . . .        a - +0 spear
rCold   . . .        (no shield)
rNeg    . . .        b - +0 robe
rPois   .            (helmet restricted)
rElec   .            (no cloak)
rCorr   .            (gloves unavailable)
SInv    .            (boots unavailable)
Will    .....        (no amulet)
Stlth   +            (no ring)
HPRegen 0.27/turn    (no ring)
MPRegen 0.10/turn

%: no passive effects
@: no status effects
A: large, unfitting armour, horns 1, tough skin 1, double potion healing,
drunken brawling
a: no special abilities


You were on level 2 of the Dungeon.
You visited 1 branch of the dungeon, and saw 2 of its levels.

You collected 76 gold pieces.

Inventory:

Hand Weapons
 a - a +0 spear (weapon)
Missiles
 d - 7 darts of dispersal (quivered)
 n - 6 javelins
 q - 2 poisoned darts
 r - a throwing net
Armour
 b - a +0 robe (worn)
Wands
 p - a wand of flame (13)
Scrolls
 c - 2 scrolls of blinking
 f - 3 scrolls of identify {unknown}
 h - a scroll of acquirement {unknown}
 j - 2 scrolls of teleportation {unknown}
 l - a scroll of fear {unknown}
 m - a scroll of fog {unknown}
 o - a scroll of amnesia {unknown}
 s - a scroll of brand weapon {unknown}
 t - a scroll of torment {unknown}
 u - a scroll of immolation {unknown}
Potions
 e - a potion of curing {unknown}
 g - a potion of magic {unknown}
 i - a potion of degeneration {unknown}
 k - a potion of haste {unknown}


   Skills:
 - Level 2.6 Fighting
 + Level 4.5 Polearms
 - Level 1.0 Throwing
 - Level 2.1 Dodging
 - Level 2.4 Spellcasting
 - Level 2.6 Translocations


You had 5 spell levels left.
You knew the following spells:

 Your Spells              Type           Power      Damage    Failure   Level
a - Blink                 Tloc           20%        N/A       10%         2

Your spell library contained the following spells:

 Spells                   Type           Power      Damage    Failure   Level
 Lesser Beckoning         Tloc           20%        N/A       10%         2
 Teleport Other           Tloc           10%        N/A       21%         3
 Manifold Assault         Tloc           10%        N/A       54%         4
 Vhi's Electric Charge    Tloc/Air       12%        N/A       75%         4


Dungeon Overview and Level Annotations

Branches:
Dungeon (2/15)

Altars:

Annotations:
D:2 1 runed translucent door, Crazy Yiuf, Natasha


Innate Abilities, Weirdness & Mutations

You are too large for most types of armour.
You have a pair of small horns on your head.
You have tough skin. (AC +1)
You gain doubled healing and magic from potions.
Whenever you drink a healing potion, you attack all around you.


Message History

* * * LOW HITPOINT WARNING * * *
Natasha claws you.
* * * LOW HITPOINT WARNING * * *
The giant cockroach bites you but does no damage.
You hit Natasha but do no damage.
Natasha is moderately wounded.
The bat hits you.
* * * LOW HITPOINT WARNING * * *
The quokka completely misses you. The cerulean imp closely misses you.
The giant cockroach bites you but does no damage.
Natasha misses you.
You hit the quokka but do no damage. The bat hits you but does no damage.
The quokka closely misses you.
The cerulean imp hits you from afar with a +2 spear.
* * * LOW HITPOINT WARNING * * *
The giant cockroach bites you but does no damage.
You hit the quokka. You headbutt the quokka.
You kill the quokka!
Natasha wildly gestures.
Natasha glows brightly for a moment.
Natasha zaps a wand.
You resist with some effort. The bat hits you.
* * * LOW HITPOINT WARNING * * *
The giant cockroach bites you.
* * * LOW HITPOINT WARNING * * *
The cerulean imp hits you from afar with a +2 spear.
* * * LOW HITPOINT WARNING * * *
You barely miss the giant cockroach.
You headbutt the giant cockroach, but do no damage.
The bat closely misses you. Natasha claws you!
* * * LOW HITPOINT WARNING * * *
The giant cockroach bites you but does no damage.
The cerulean imp barely misses you.
You closely miss the giant cockroach. Natasha barely misses you.
The giant cockroach barely misses you.
You barely miss the giant cockroach.
Your headbutt misses the giant cockroach.
The bat hits you.
* * * LOW HITPOINT WARNING * * *
The cerulean imp hits you from afar with a +2 spear.
You die...

# ...# #.# #
......# #.##
#
.......##..#
......).##.#
.........#.#
.........#.#
.⌠......5#.#
§......Bh'.#
≈.......@'.#
.⌠....b..###
$........#
.........#
..?.....##
.......##
......#
.....#


You could see Natasha, a cerulean imp (summoned), a giant cockroach and a bat.

Vanquished Creatures
  Jessica (D:2)
  2 adders (D:2)
  2 dart slugs (D:1)
  3 ball pythons
  5 endoplasms
  3 giant cockroaches
  3 goblins
  3 hobgoblins
  3 quokkas
  3 bats
  A frilled lizard (D:1)
  2 kobolds
31 creatures vanquished.

Notes
Turn   | Place    | Note
-------+----------+-------------------------------------------
     0 | D:1      | Strat the Oni Warper began the quest for the Orb.
     0 | D:1      | Reached XP level 1. HP: 22/22 MP: 3/3
   237 | D:1      | Reached XP level 2. HP: 29/29 MP: 5/5
   252 | D:1      | Learned a level 2 spell: Blink
   282 | D:1      | Reached skill level 3 in Polearms
   441 | D:1      | Found a faded altar of an unknown god.
   740 | D:2      | Reached XP level 3. HP: 21/36 MP: 6/6
   876 | D:2      | Noticed Jessica
   916 | D:2      | Killed Jessica
   917 | D:2      | Reached skill level 4 in Polearms
   917 | D:2      | Reached XP level 4. HP: 9/44 MP: 7/7
  1144 | D:2      | Found a runed translucent door.
  1145 | D:2      | Noticed Crazy Yiuf
  1549 | D:2      | Noticed Natasha
  1578 | D:2      | HP: 2/44 [Natasha (7)]
  1580 | D:2      | Slain by a cerulean imp

Illustrated notes

Levels and vault maps discovered:
D:1:      minmay_arrival_stair_chambers, layout_basic,
          chequers_ecumenical_altar_island, chequers_serial_rivers_micro_d,
          nrook_mini_vaults
D:2:      kennysheep_big_flooded_room, layout_basic, minmay_misc_feat_chi,
          uniq_jessica, uniq_natasha, uniq_crazy_yiuf_cottage

Skill      XL: |  1  2  3 |
---------------+----------+-----
Polearms       | 3 4 |  4.5
Fighting       | |  2.6
Throwing       | |  1.0
Dodging        | |  2.1
Spellcasting   | |  2.4
Translocations | |  2.6

Action                     |  1- 3 |  4- 6 || total
---------------------------+-------+-------++-------
  Melee: Spear             |    71 |    47 ||   118
         Headbutt          |    10 |     7 ||    17
         Unarmed           |       |    19 ||    19
 Armour: Robe              |    26 |    43 ||    69
         Skin              |       |    16 ||    16
  Dodge: Dodged            |    32 |    99 ||   131
